 Dungeon Crawl Stone Soup version 0.31-a0-174-g85c54bcb58 (webtiles) character file.

Game seed: 10948885041809670909

18758 MacCMillion the Frost Mage (level 12, -12/92 HPs)
             Began as a Gnoll Ice Elementalist on June 15, 2023.
             Was an Elder of Cheibriados.
             Engulfed by a cloud of flame (30 damage)
             ... in a volcano.
             The game lasted 00:26:33 (13964 turns).

MacCMillion the Frost Mage (GnIE)                  Turns: 13964, Time: 00:26:34

Health: -12/92     AC: 14    Str: 24    XL:     12   Next: 61%
Magic:  25/25      EV: 20    Int: 28    God:    Cheibriados [****..]
Gold:   561        SH:  0    Dex: 24    Spells: 13/29 levels left

rFire   . . .        f - +0 whip (elec)
rCold   . . .        (no shield)
rNeg    . . .        L - +0 steam dragon scales
rPois   .            (no helmet)
rElec   .            z - +0 cloak
rCorr   .            A - +0 pair of gloves
SInv    .            y - +0 pair of boots
Will    .....        (no amulet)
Stlth   +++++        r - +4 ring of protection
HPRegen 0.35/turn    G - +6 ring of strength
MPRegen 0.19/turn

%: no passive effects
@: very slow
A: fangs 1, strong nose, distributed training
a: Renounce Religion, Bend Time, Temporal Distortion, Slouch


You were in a volcano.
You worshipped Cheibriados.
Cheibriados was greatly pleased with you.
You visited 3 branches of the dungeon, and saw 15 of its levels.
You also visited: Volcano.

You collected 561 gold pieces.

Inventory:

Hand Weapons
 f - a +0 whip of electrocution (weapon)
 h - a +0 short sword
 s - a +4 dagger of freezing
Armour
 a - a +0 robe
 y - a +0 pair of boots (worn)
 z - a +0 cloak (worn)
 A - a +0 pair of gloves (worn)
 C - a +0 buckler
 D - a scarf of shadows
 H - a +2 ring mail of positive energy
 L - +0 steam dragon scales (worn)
Jewellery
 r - a +4 ring of protection (left hand)
 G - a +6 ring of strength (right hand)
 S - a ring of wizardry
Wands
 l - a wand of digging (9)
 v - a wand of flame (49)
 B - a wand of acid (12)
 P - a wand of iceblast (12)
Scrolls
 c - 2 scrolls of noise {unknown}
 e - 4 scrolls of poison
 g - 2 scrolls of teleportation
 i - a scroll of amnesia {unknown}
 j - a scroll of enchant armour {unknown}
 k - 2 scrolls of silence
 q - a scroll of blinking {unknown}
 E - a scroll of fog {unknown}
 J - a scroll of revelation {unknown}
 M - a scroll of acquirement {unknown}
 O - 2 scrolls of enchant weapon {unknown}
 Q - a scroll of identify
Potions
 b - 2 potions of magic
 d - 3 potions of curing
 m - 2 potions of enlightenment
 n - a potion of resistance
 o - 4 potions of heal wounds
 p - 4 potions of lignification
 t - 2 potions of berserk rage
 u - 2 potions of attraction
 w - 2 potions of might
 x - 3 potions of brilliance
 F - 2 potions of degeneration {unknown}
 I - a potion of ambrosia
 N - 3 potions of haste {unknown}
 R - 2 potions of cancellation {unknown}
Miscellaneous
 K - a lightning rod (4/4)


   Skills:
 + Level 7.7 Fighting
 + Level 7.7 Short Blades
 + Level 7.7 Long Blades
 + Level 7.7 Axes
 + Level 7.7 Maces & Flails
 + Level 7.7 Polearms
 + Level 7.7 Staves
 + Level 7.7 Ranged Weapons
 + Level 7.7 Throwing
 + Level 7.7 Armour
 + Level 9.1 Dodging
 + Level 8.9 Stealth
 + Level 7.7 Shields
 + Level 7.7 Unarmed Combat
 + Level 9.3 Spellcasting
 + Level 6.4 Conjurations
 + Level 6.4 Hexes
 + Level 6.4 Summonings
 + Level 6.4 Necromancy
 + Level 6.4 Translocations
 + Level 6.4 Transmutations
 + Level 6.4 Fire Magic
 + Level 9.7 Ice Magic
 + Level 6.4 Air Magic
 + Level 6.4 Earth Magic
 + Level 6.4 Poison Magic
 + Level 8.5 Invocations
 + Level 7.7 Evocations


You had 13 spell levels left.
You knew the following spells:

 Your Spells              Type           Power      Damage    Failure   Level
a - Freeze                Ice            100%       1d10      1%          1
b - Frozen Ramparts       Ice            100%       1d16      1%          3
c - Ozocubu's Armour      Ice            61%        N/A       1%          3
d - Summon Ice Beast      Ice/Summ       55%        N/A       1%          4
e - Alistair's Intoxicat  Tmut/Pois      32%        N/A       9%          5

Your spell library contained the following spells:

 Spells                   Type           Power      Damage    Failure   Level
 Call Canine Familiar     Summ           49%        N/A       1%          3
 Portal Projectile        Hex/Tloc       98%        N/A       1%          3
 Summon Guardian Golem    Hex/Summ       49%        N/A       1%          3
 Animate Dead             Necr           49%        N/A       3%          4
 Leda's Liquefaction      Hex/Erth       24%        N/A       3%          4
 Borgnjor's Vile Clutch   Necr/Erth      24%        N/A       9%          5
 Iskenderun's Battlesphe  Conj           49%        2d10      9%          5
 Eringya's Noxious Bog    Tmut/Pois      24%        N/A       43%         6
 Leda's Unmaking          Conj/Erth      24%        9d5       43%         6
 Ozocubu's Refrigeration  Ice            30%        4d14      56%         7
 Haunt                    Necr/Summ      24%        N/A       95%         7
 Orb of Destruction       Conj           24%        9d9       95%         7
 Spellforged Servitor     Conj/Summ      24%        N/A       95%         7
 Infestation              Necr           24%        N/A       100%        8


Dungeon Overview and Level Annotations

Branches:
Dungeon (12/15)            Temple (1/1) D:5            Lair (2/5) D:10
Volcano (1/1)
  Swamp: Lair:2-3    Shoals: Lair:2-3     Snake: Lair:2-3    Spider: Lair:2-3
    Orc: D:9-12

Altars:
Ashenzari
Cheibriados
Elyvilon
Fedhas
Gozag
Hepliaklqana
Kikubaaqudgha
Makhleb
Nemelex Xobeh
Okawaru
Qazlal
Ru
Sif Muna
Trog
Uskayaw
Vehumet
Wu Jian
Xom
Yredelemnul
Zin
The Shining One

Shops:
D:5 *

Annotations:
D:3 Grinder


Innate Abilities, Weirdness & Mutations

You have very sharp teeth.
Your uncanny sense of smell can sniff out nearby items.
Your experience applies equally to all skills.


Message History

You are engulfed in blazing flames.
Why would you want to do that? Why would you want to do that?
Why would you want to do that?
Aiming: Freeze (safe; 1% risk of failure)
Press: ? - help, Q - select action, (/) - cycle Shift-Dir - straight line, f - fire bat
Aim: a fire bat (black smoke, lava, asleep)
You freeze the fire bat.
The fire bat is frozen!
The fire bat is lightly wounded.
The fire bat bites you but does no damage.
Aiming: Freeze (safe; 1% risk of failure)
Press: ? - help, Q - select action, (/) - cycle Shift-Dir - straight line, f/p - fire bat
Aim: a fire bat (black smoke, lightly wounded)
You freeze the fire bat.
The fire bat is frozen!
The fire bat is moderately wounded.
The fire bat bites you but does no damage.
Aiming: Freeze (safe; 1% risk of failure)
Press: ? - help, Q - select action, (/) - cycle Shift-Dir - straight line, f/p - fire bat
Aim: a fire bat (moderately wounded)
You freeze the fire bat!
The fire bat is frozen!
The fire bat is almost dead.
The fire bat closely misses you.
Aiming: Freeze (safe; 1% risk of failure)
Press: ? - help, Q - select action, (/) - cycle Shift-Dir - straight line, f/p - fire bat
Aim: a fire bat (almost dead)
You freeze the fire bat.
The fire bat is frozen!
You kill the fire bat!
Cheibriados thoroughly appreciates the change of pace.
The air gets thick with the scent of sulphur.
The volcano roars to life, belching forth lava!
You are engulfed in blazing flames.
You are engulfed in blazing flames.
You are engulfed in blazing flames.
You start resting.
The air gets thick with the scent of sulphur.
The volcano roars to life, belching forth lava!
You are engulfed in blazing flames.
* * * LOW HITPOINT WARNING * * *
You are engulfed in blazing flames.
You die...

∆∆∆ #.≈§≈§≈≈≈ .######§.§≈≈≈≈≈
......#.≈≈≈§§≈≈ ##++###..≈≈§§§≈ ≈
#..§§§§§≈ ≈ #.§≈§≈≈§≈ ≈ #.§≈≈§§≈≈
≈≈§S ################.≈≈§§≈≈≈
≈§≈§≈ .○○°°○○@°°○○○.○○..≈≈§≈≈≈
≈≈≈§≈ §°°○°°§°§☼○°○°°°.≈§§≈§§§
§§≈§≈§§ §○§§≈§≈≈≈○°○°°§≈§§≈≈≈§§§
≈≈≈§§§§§§≈≈§§≈§§§≈°§§°§°○§≈≈≈§§≈§
≈§≈≈≈≈≈≈≈§≈≈§≈≈≈≈≈§≈§§§≈≈≈§≈§§≈§§
≈≈≈≈§§≈§§≈§§§§§§§≈≈§≈≈§°°≈§§§§≈§§
.≈≈≈≈≈§§≈≈≈§≈≈≈§≈≈§≈≈≈§§§≈§≈≈§≈§≈
..§§≈§§§§≈≈≈≈§≈§§§§§≈≈≈§§≈§≈§≈§§.
...§§.§.§≈.§≈≈...≈≈≈§..§≈§.§§≈§..


There were no monsters in sight!

Vanquished Creatures
  Josephine (D:10)
  4 two-headed ogres
  Pikel (D:5)
  2 ugly things
  An elephant (D:10)
  A black mamba (Lair:1)
  2 gargoyles
  An unseen horror (D:11)
  3 cane toads (Lair:1)
  A rime drake (Lair:1)
  3 komodo dragons
  2 trolls
  3 blink frogs (Lair:1)
  Sigmund (D:5)
  7 wraiths
  15 yaks
  A wyvern (D:10)
  3 basilisks (Lair:1)
  2 fire bats (Volcano)
  2 steam dragons
  4 vampire mosquitoes (D:11)
  4 water moccasins
  An acid dragon (D:8)
  An orc warrior (D:7)
  3 ice beasts
  A sky beast (D:8)
  3 black bears
  2 centaurs
  3 ogres
  A lemure (D:5)
  A phantom (D:7)
  6 kobold brigands
  6 bullfrogs
  3 scorpions
  20 wights
  12 killer bees
  5 howler monkeys
  A lava snake (Volcano)
  2 hounds
  3 orc priests
  2 jellies
  Crazy Yiuf (D:5)
  A sleepcap (D:5)
  2 iguanas (D:5)
  Natasha (twice) (D:4)
  8 orc wizards
  4 gnolls (D:5)
  6 adders
  3 white imps
  An ufetubus (D:5)
  A worm (D:4)
  3 dart slugs
  27 orcs
  6 endoplasms
  3 giant cockroaches
  12 hobgoblins
  3 jackals (D:4)
  A quokka (D:1)
  5 ball pythons
  4 bats
  2 frilled lizards
  6 goblins
  37 kobolds
  4 rats
282 creatures vanquished.

Vanquished Creatures (others)
  An orc (D:8)
1 creature vanquished.

Grand Total: 283 creatures vanquished

Notes
Turn   | Place    | Note
-------+----------+-------------------------------------------
     0 | D:1      | MacCMillion the Gnoll Ice Elementalist began the quest for
                  | the Orb.
     0 | D:1      | Reached XP level 1. HP: 13/13 MP: 6/6
   153 | D:1      | Reached XP level 2. HP: 19/19 MP: 4/7
   583 | D:1      | You fall into a shaft and drop 1 floor!
   617 | D:2      | Reached skill level 5 in Spellcasting
   617 | D:2      | Reached XP level 3. HP: 24/25 MP: 4/9
   621 | D:2      | Learned a level 3 spell: Frozen Ramparts
   625 | D:2      | Learned a level 3 spell: Ozocubu's Armour
   809 | D:2      | Reached skill level 1 in Invocations
   945 | D:2      | Reached skill level 1 in Fighting
   945 | D:2      | Reached skill level 1 in Short Blades
   945 | D:2      | Reached skill level 1 in Long Blades
   945 | D:2      | Reached skill level 1 in Axes
   945 | D:2      | Reached skill level 1 in Maces & Flails
   945 | D:2      | Reached skill level 1 in Polearms
   945 | D:2      | Reached skill level 1 in Staves
   945 | D:2      | Reached skill level 1 in Ranged Weapons
   945 | D:2      | Reached skill level 1 in Throwing
   945 | D:2      | Reached skill level 1 in Armour
   945 | D:2      | Reached skill level 1 in Shields
   945 | D:2      | Reached skill level 1 in Unarmed Combat
   945 | D:2      | Reached skill level 1 in Evocations
  1522 | D:3      | Reached XP level 4. HP: 30/32 MP: 7/11
  1673 | D:3      | Noticed Grinder
  1805 | D:3      | Reached skill level 1 in Conjurations
  1805 | D:3      | Reached skill level 1 in Hexes
  1805 | D:3      | Reached skill level 1 in Summonings
  1805 | D:3      | Reached skill level 1 in Necromancy
  1805 | D:3      | Reached skill level 1 in Translocations
  1805 | D:3      | Reached skill level 1 in Transmutations
  1805 | D:3      | Reached skill level 1 in Fire Magic
  1805 | D:3      | Reached skill level 1 in Air Magic
  1805 | D:3      | Reached skill level 1 in Earth Magic
  1805 | D:3      | Reached skill level 1 in Poison Magic
  2032 | D:3      | Found a faded altar of an unknown god.
  2074 | D:4      | Noticed a water moccasin
  2077 | D:4      | Noticed an ogre
  2089 | D:3      | Killed a water moccasin
  2090 | D:3      | Reached XP level 5. HP: 16/38 MP: 3/12
  2323 | D:4      | Reached XP level 6. HP: 30/44 MP: 5/13
  2439 | D:4      | Reached skill level 5 in Dodging
  2669 | D:4      | Noticed Natasha
  2676 | D:4      | Killed Natasha
  2872 | D:4      | Noticed Natasha
  2882 | D:4      | Killed Natasha
  2883 | D:4      | Reached XP level 7. HP: 43/51 MP: 8/15
  2924 | D:4      | Reached skill level 5 in Stealth
  3137 | D:5      | Entered Level 5 of the Dungeon
  3200 | D:5      | Noticed Pikel
  3211 | D:5      | Killed Pikel
  3212 | D:5      | Reached XP level 8. HP: 47/58 MP: 2/17
  3558 | D:5      | Found a staircase to the Ecumenical Temple.
  3565 | D:5      | Found Etuan's Assorted Antiques.
  3567 | Temple   | Entered the Ecumenical Temple
  3635 | Temple   | Became a worshipper of Cheibriados the Contemplative
  3683 | D:5      | Noticed Sigmund
  3688 | D:5      | Killed Sigmund
  3689 | D:5      | Reached XP level 9. HP: 58/65 MP: 11/18
  3694 | D:5      | Learned a level 4 spell: Summon Ice Beast
  3800 | D:5      | Found a runed translucent door.
  3800 | D:5      | Identified the +5 hammer of Mana {antimagic, +Blink rPois
                  | Int+2}
  3801 | D:5      | Noticed Crazy Yiuf
  3807 | D:5      | Killed Crazy Yiuf
  3816 | D:5      | Identified the +4 hammer of Tenacity {venom, *Corrode
                  | Str+4}
  5004 | D:6      | Found an ancient bone altar of Kikubaaqudgha.
  5222 | D:7      | Reached * piety under Cheibriados
  5515 | D:7      | Reached skill level 5 in Invocations
  6059 | D:7      | Found a white marble altar of Elyvilon.
  6842 | D:8      | Found a burning altar of Makhleb.
  6842 | D:8      | Found an opulent altar of Gozag.
  6843 | D:8      | Found a broken altar of Ashenzari.
  6850 | D:8      | Found a hazy altar of Hepliaklqana.
  6852 | D:8      | Found a glowing silver altar of Zin.
  6853 | D:8      | Found a shimmering blue altar of Sif Muna.
  6855 | D:8      | Found a sacrificial altar of Ru.
  6861 | D:8      | Found an iron altar of Okawaru.
  6862 | D:8      | Found a basalt altar of Yredelemnul.
  6894 | D:8      | Noticed a komodo dragon
  6910 | D:8      | Killed a komodo dragon
  6911 | D:8      | Reached skill level 5 in Fighting
  6911 | D:8      | Reached skill level 5 in Short Blades
  6911 | D:8      | Reached skill level 5 in Long Blades
  6911 | D:8      | Reached skill level 5 in Axes
  6911 | D:8      | Reached skill level 5 in Maces & Flails
  6911 | D:8      | Reached skill level 5 in Polearms
  6911 | D:8      | Reached skill level 5 in Staves
  6911 | D:8      | Reached skill level 5 in Ranged Weapons
  6911 | D:8      | Reached skill level 5 in Throwing
  6911 | D:8      | Reached skill level 5 in Armour
  6911 | D:8      | Reached skill level 5 in Shields
  6911 | D:8      | Reached skill level 5 in Unarmed Combat
  6911 | D:8      | Reached skill level 5 in Evocations
  6911 | D:8      | Reached XP level 10. HP: 38/74 MP: 14/20
  7597 | D:8      | Reached ** piety under Cheibriados
  8380 | D:9      | Noticed a gargoyle
  8380 | D:9      | Noticed a two-headed ogre
  8397 | D:9      | Noticed a cyan ugly thing
  8398 | D:9      | Killed a gargoyle
  8400 | D:9      | Killed a two-headed ogre
  8634 | D:9      | Reached *** piety under Cheibriados
  9365 | D:9      | Killed a cyan ugly thing
  9366 | D:9      | Reached skill level 5 in Conjurations
  9366 | D:9      | Reached skill level 5 in Hexes
  9366 | D:9      | Reached skill level 5 in Summonings
  9366 | D:9      | Reached skill level 5 in Necromancy
  9366 | D:9      | Reached skill level 5 in Translocations
  9366 | D:9      | Reached skill level 5 in Transmutations
  9366 | D:9      | Reached skill level 5 in Fire Magic
  9366 | D:9      | Reached skill level 5 in Air Magic
  9366 | D:9      | Reached skill level 5 in Earth Magic
  9366 | D:9      | Reached skill level 5 in Poison Magic
  9366 | D:9      | Reached XP level 11. HP: 63/81 MP: 16/22
  9931 | D:10     | Entered Level 10 of the Dungeon
 10132 | D:10     | Noticed Josephine
 10147 | D:10     | Reached **** piety under Cheibriados
 10153 | D:10     | Killed Josephine
 10290 | D:10     | Noticed a two-headed ogre
 10307 | D:10     | Killed a two-headed ogre
 10647 | D:10     | Found a staircase to the Lair.
 10912 | D:10     | Found a hide-covered altar of Uskayaw.
 11157 | D:11     | Noticed a white ugly thing
 11282 | D:11     | Killed a white ugly thing
 11361 | D:11     | Reached XP level 12. HP: 91/91 MP: 18/24
 11648 | D:11     | Noticed a two-headed ogre
 11659 | D:11     | Killed a two-headed ogre
 11803 | D:11     | Noticed a two-headed ogre
 11814 | D:11     | Killed a two-headed ogre
 11892 | D:11     | Reached ***** piety under Cheibriados
 12159 | Lair:1   | Entered Level 1 of the Lair of Beasts
 12216 | Lair:1   | Learned a level 5 spell: Alistair's Intoxication
 13443 | Lair:2   | Found a dark tunnel.
 13452 | Volcano  | Entered a volcano
 13964 | Volcano  | Engulfed by a cloud of flame

Illustrated notes

Levels and vault maps discovered:
D:1:      kennysheep_arrival_forest, layout_loops_ring,
          nicolae_figureground_pulse
D:2:      layout_basic, grunt_ministairs_10
D:3:      layout_rooms, shapermc_ecumenical_altar_hornbeckon, uniq_grinder
D:4:      layout_rooms, uniq_natasha
D:5:      layout_rooms, minmay_temple_entry_mist, serial_shops, shop,
          uniq_sigmund, uniq_crazy_yiuf_cottage, uniq_pikel
D:6:      layout_rooms, mainiacjoe_overflow_24_doors, serial_glass,
          glass_columns_a, glass_columns_a, minmay_strange_pillars
D:7:      layout_rooms, lemuel_crystal_altar, serial_co_window_serial,
          co_window_paths_a, co_window_paths_b, co_window_paths_a,
          co_window_paths_a, co_window_corner_a, co_window_broadway_c,
          co_window_cross_3, co_window_broadway_b, co_window_2corner,
          co_window_corner_b, co_window_2corner, glass_columns_a,
          glass_columns_a, grunt_ministairs_4, minmay_between
D:8:      layout_cave_pools, nicolae_overflow_hallway_of_the_gods
D:9:      layout_cave_pods, grunt_potential
D:10:     layout_basic, nicolae_uskayaw_dance_studio, david_lair_generic,
          uniq_josephine
D:11:     layout_loops_cross
D:12:     layout_small_grid, orc_0_dummy, serial_shops, nicolae_diamond_shop,
          nicolae_transmutations_shop, uniq_azrael
Temple:   compressed_dpeg_circular_temple
Lair:1:   layout_misc_corridors, grunt_megastairs_5
Lair:2:   hangedman_what_comes_after_a, layout_misc_corridors,
          minmay_shoals_entry_centaurs, spider_nest_entry_webs,
          nicolae_volcano_entry_hallway
Volcano:  volcano_lake [vl_original]

Skill      XL: |  1  2  3  4  5  6  7  8  9 10 11 12 |
---------------+-------------------------------------+-----
Spellcasting   | 5 6 7 8 9 |  9.3
Invocations    | 1 2 3 4 5 6 7 8 |  8.5
Fighting       | 1 2 3 5 6 7 |  7.7
Short Blades   | 1 2 3 5 6 7 |  7.7
Long Blades    | 1 2 3 5 6 7 |  7.7
Axes           | 1 2 3 5 6 7 |  7.7
Maces & Flails | 1 2 3 5 6 7 |  7.7
Polearms       | 1 2 3 5 6 7 |  7.7
Staves         | 1 2 3 5 6 7 |  7.7
Ranged Weapons | 1 2 3 5 6 7 |  7.7
Throwing       | 1 2 3 5 6 7 |  7.7
Armour         | 1 2 3 5 6 7 |  7.7
Shields        | 1 2 3 5 6 7 |  7.7
Unarmed Combat | 1 2 3 5 6 7 |  7.7
Evocations     | 1 2 3 5 6 7 |  7.7
Conjurations   | 1 2 3 4 5 6 |  6.4
Hexes          | 1 2 3 4 5 6 |  6.4
Summonings     | 1 2 3 4 5 6 |  6.4
Necromancy     | 1 2 3 4 5 6 |  6.4
Translocations | 1 2 3 4 5 6 |  6.4
Transmutations | 1 2 3 4 5 6 |  6.4
Fire Magic     | 1 2 3 4 5 6 |  6.4
Air Magic      | 1 2 3 4 5 6 |  6.4
Earth Magic    | 1 2 3 4 5 6 |  6.4
Poison Magic   | 1 2 3 4 5 6 |  6.4
Dodging        | 5 6 7 8 9 |  9.1
Stealth        | 5 6 7 8 |  8.9
Ice Magic      | 8 9 |  9.7

Action                     |  1- 3 |  4- 6 |  7- 9 | 10-12 || total
---------------------------+-------+-------+-------+-------++-------
  Melee: Unarmed           |     5 |       |       |       ||     5
         Short sword       |    24 |    37 |       |       ||    61
         Bite              |     3 |     1 |    23 |    58 ||    85
         Dagger            |       |    12 |   180 |    26 ||   218
         Punch             |       |       |     4 |    21 ||    25
         Whip              |       |       |    10 |   378 ||   388
   Cast: Freeze            |    37 |     8 |     2 |     5 ||    52
         Frozen Ramparts   |     3 |    16 |    31 |    45 ||    95
         Ozocubu's Armour  |       |     5 |    23 |    49 ||    77
 Invoke: Bend Time         |       |       |       |     2 ||     2
         Step From Time    |       |       |       |     1 ||     1
    Use: Scroll            |       |       |       |    13 ||    13
         Potion            |       |       |       |     2 ||     2
   Stab: Sleeping          |     5 |     5 |     4 |     1 ||    15
 Armour: Robe              |    12 |     9 |    79 |       ||   100
         Steam dragon scal |       |       |       |   121 ||   121
         Ring mail         |       |       |       |    11 ||    11
  Dodge: Dodged            |    39 |    22 |   103 |   274 ||   438

Table legend: (Time is in decaauts)
 A = Elapsed time spent in this place.
 B = Non-inter-level travel time spent in this place.
 C = Inter-level travel time spent in this place.
 D = Time resting spent in this place.
 E = Time spent auto-exploring this place.
 F = Levels seen in this place.
 G = Mean time per level.
                   A        B        C        D        E       F      G
               +--------+--------+--------+--------+--------+-----+--------+
         Total |  16628 |  15545 |   1083 |   2999 |   9670 |  16 | 1039.2 |
       Dungeon |  14193 |  13217 |    976 |   2170 |   8775 |  12 | 1182.8 |
        Temple |    108 |     70 |     38 |      0 |     47 |   1 |  108.0 |
          Lair |   1691 |   1623 |     68 |    486 |    847 |   2 |  845.5 |
       Volcano |    635 |    635 |      0 |    343 |      0 |   1 |  635.0 |
               +--------+--------+--------+--------+--------+-----+--------+

Top non-repeatable levels by time:
     D:9: 2250 daAuts
     D:8: 1778 daAuts
     D:7: 1717 daAuts
  Lair:1: 1661 daAuts
    D:10: 1604 daAuts
    D:11: 1442 daAuts
     D:4: 1061 daAuts
     D:5: 1054 daAuts
     D:1: 977 daAuts
     D:6: 951 daAuts
     D:3: 707 daAuts
     D:2: 647 daAuts
 Volcano: 635 daAuts
  Temple: 108 daAuts
  Lair:2: 30 daAuts
